 Dungeon Crawl Stone Soup version 0.26.0-7-g794d0892b4 (webtiles) character file.

Game seed: 3618739901891477675

1876 prey the Fighter (level 8, -10/77 HPs)
             Began as a Minotaur Berserker on Jan 11, 2021.
             Was an Elder of Trog.
             Killed by nerve-wracking pain
             ... invoked by a shadow imp
              (12 damage)
             ... on level 7 of the Dungeon.
             The game lasted 00:26:46 (5640 turns).

prey the Fighter (Minotaur Berserker)               Turns: 5640, Time: 00:26:47

Health: -10/77     AC: 15    Str: 23    XL:     8   Next: 91%
Magic:  7/7        EV:  9    Int:  5    God:    Trog [****..]
Gold:   391        SH:  0    Dex: 10    Spells: 7/7 levels left

rFire    . . .     SeeInvis .   q - +4 quarterstaff (chaos)
rCold    . . .     Faith    .   (shield currently unavailable)
rNeg     . . .     Spirit   .   O - +0 plate armour
rPois    .         Reflect  .   (helmet restricted)
rElec    .         Harm     .   w - +0 cloak {rCorr}
rCorr    +         Rampage  .   (no gloves)
Will     .....                  (no boots)
Stlth    ..........             (no amulet)
HPRegen  0.22/turn              (no ring)
MPRegen  0.10/turn              (no ring)

@: confused, lethally poisoned (-10 -> -18), hasted, very quick
A: retaliatory headbutt, horns 2
a: Renounce Religion, Berserk, Trog's Hand, Brothers in Arms


You were on level 7 of the Dungeon.
You worshipped Trog.
Trog was greatly pleased with you.
You visited 1 branch of the dungeon, and saw 7 of its levels.

You collected 391 gold pieces.

Inventory:

Hand Weapons
 a - a +0 hunting sling
 q - a +4 quarterstaff of chaos (weapon)
 u - a +2 trident of flaming
 x - a +0 broad axe
 y - a +2 dagger of venom
 A - a +0 whip of freezing
 K - a +0 war axe
 N - a +1 whip of draining
Missiles
 e - 10 boomerangs
 p - a throwing net
 t - 16 sling bullets
Armour
 w - a +0 cloak of preservation (worn)
 O - a +0 plate armour (worn)
Jewellery
 i - an uncursed ring of protection from fire {unknown}
 r - an uncursed ring of wizardry {unknown}
 s - a +4 ring of evasion {unknown}
 L - an uncursed amulet of regeneration {unknown}
Wands
 H - a wand of random effects (22)
 I - a wand of disintegration (8)
Scrolls
 h - 2 scrolls of immolation {unknown}
 m - 3 scrolls of remove curse {unknown}
 n - 2 scrolls of magic mapping {unknown}
 v - 3 scrolls of identify {unknown}
 B - 3 scrolls of teleportation {unknown}
 C - a scroll of enchant armour {unknown}
 G - a scroll of blinking {unknown}
Potions
 d - a potion of flight {unknown}
 f - 3 potions of haste
 g - 2 potions of heal wounds {unknown}
 l - a potion of invisibility {unknown}
 o - 3 potions of degeneration {unknown}
 z - 2 potions of mutation {unknown}
 D - a potion of ambrosia {unknown}
 E - 2 potions of curing {unknown}
 F - a potion of brilliance {unknown}
 J - a potion of lignification {unknown}


   Skills:
 * Level 8.9 Fighting
 - Level 4.5 Long Blades
 - Level 0.9(2.5) Polearms
 - Level 3.9(4.0) Staves
 + Level 2.1 Slings
 * Level 8.2 Armour
 + Level 5.3 Dodging


You had 7 spell levels left.
You didn't know any spells.
Your spell library was empty.

Dungeon Overview and Level Annotations

Branches:
Dungeon (7/15)             Temple (0/1) D:4

Altars:
Kikubaaqudgha
Makhleb
Vehumet

Shops:
D:4 [


Innate Abilities, Weirdness & Mutations

You reflexively headbutt those who attack you in melee.
You have a pair of horns on your head.


Message History

The shadow imp hits you but does no damage.
You bump into the rock wall.
* * * LOW HITPOINT WARNING * * *
You feel sick. The shadow imp barely misses you.
* * * LOW HITPOINT WARNING * * *
You feel sick.
* * * LOW HITPOINT WARNING * * *
You feel sick. The shadow imp gestures at you. Pain shoots through your body!
* * * LOW HITPOINT WARNING * * *
You bump into the rock wall.
* * * LOW HITPOINT WARNING * * *
You feel sick.
It was a potion of haste.
You feel yourself speed up.
* * * LOW HITPOINT WARNING * * *
You feel sick. The shadow imp gestures at you. Pain shoots through your body!
You die...

#.##.#.# #.#
#.##.#.# #.# .
#.##.#.# #.# .
#.#..#.# #.# .#
##.#.##.# #.# ..
#....##.# #.#
#.###....##.# #.#
#..##....##.####.#
##.##....##...##@#
.........####†##5#
##.###.######.##o#
....##........##.#
##..############o#
............>...o.#
...[.#.......###..#
###..# ##### #..#
##.# .$.#


You could see 2 orc priests, a shadow imp and an orc.

Vanquished Creatures
  Prince Ribbit (D:5)
  A water moccasin (D:7)
  An orc warrior (D:7)
  3 sky beasts (D:7)
  2 necrophages (D:6)
  An ogre (D:4)
  Blork the orc (D:4)
  A bullfrog (D:6)
  2 scorpions
  A wyvern skeleton (D:7)
  A centaur zombie (D:5)
  2 bullfrog skeletons
  3 orc priests
  Crazy Yiuf (D:2)
  Terence (D:3)
  5 orc wizards
  2 iguanas (D:4)
  A worker ant (D:4)
  Robin (D:2)
  5 adders
  A white imp (D:4)
  5 worms
  4 dart slugs
  3 leopard geckos
  14 orcs
  A ball python (D:1)
  5 giant cockroaches
  9 hobgoblins
  5 jackals
  5 quokkas
  6 bats
  8 frilled lizards
  13 goblins
  9 kobolds
  A leopard gecko zombie (D:3)
  A quokka zombie (D:4)
  9 rats
135 creatures vanquished.

Vanquished Creatures (others)
  An orc wizard (D:7)
1 creature vanquished.

Grand Total: 136 creatures vanquished

Notes
Turn   | Place    | Note
-------+----------+-------------------------------------------
     0 | D:1      | prey the Minotaur Berserker began the quest for the Orb.
     0 | D:1      | Reached XP level 1. HP: 19/19 MP: 0/0
   175 | D:1      | Reached XP level 2. HP: 27/27 MP: 1/1
   373 | D:1      | Reached ** piety under Trog
   637 | D:1      | Reached XP level 3. HP: 33/33 MP: 2/2
  1486 | D:2      | Found a runed translucent door.
  1487 | D:2      | Noticed Crazy Yiuf
  1563 | D:2      | Noticed Robin
  1577 | D:2      | Killed Robin
  1578 | D:2      | Reached XP level 4. HP: 41/41 MP: 3/3
  1792 | D:2      | Killed Crazy Yiuf
  1969 | D:3      | Reached skill level 5 in Fighting
  2006 | D:3      | Reached *** piety under Trog
  2218 | D:3      | Noticed Terence
  2224 | D:3      | Killed Terence
  2225 | D:3      | Reached XP level 5. HP: 48/48 MP: 4/4
  2339 | D:3      | Reached skill level 1 in Staves
  2750 | D:4      | HP: 2/49 [poisoned by a worker ant]
  3318 | D:4      | Noticed an ogre
  3322 | D:4      | Killed an ogre
  3323 | D:4      | Reached XP level 6. HP: 57/57 MP: 5/5
  3471 | D:4      | Found a staircase to the Ecumenical Temple.
  3507 | D:4      | Reached skill level 5 in Armour
  3605 | D:4      | Noticed Blork the orc
  3611 | D:4      | Killed Blork the orc
  3612 | D:4      | Reached XP level 7. HP: 64/64 MP: 6/6
  3648 | D:4      | Found Zahaf's Antique Armour Shop.
  3940 | D:5      | Entered Level 5 of the Dungeon
  3940 | D:5      | Found a radiant altar of Vehumet.
  3991 | D:5      | Reached **** piety under Trog
  3999 | D:5      | Noticed Prince Ribbit
  4069 | D:5      | Killed Prince Ribbit
  4605 | D:5      | Found an ancient bone altar of Kikubaaqudgha.
  4667 | D:6      | Reached XP level 8. HP: 72/73 MP: 7/7
  5184 | D:6      | Found a burning altar of Makhleb.
  5255 | D:7      | Reached skill level 1 in Slings
  5255 | D:7      | Reached skill level 5 in Dodging
  5640 | D:7      | HP: 2/77 [poisoned by an orc wizard]
  5640 | D:7      | Killed from afar by a shadow imp

Illustrated notes

Levels and vault maps discovered:
D:1:      saegor_arrival_simple_a, layout_basic, minmay_misc_feat_cross
D:2:      layout_basic, uniq_robin, uniq_crazy_yiuf_cottage
D:3:      layout_loops_ring, uniq_terence
D:4:      layout_cave_pods, minmay_temple_entry_junction, serial_shops,
          kennysheep_mini, chequers_serial_rivers_micro_e,
          minmay_fractal_squares_diagonal_5, uniq_blork_the_orc
D:5:      layout_gridville, kennysheep_mini_moat, overflow_temple_1_default,
          uniq_prince_ribbit1
D:6:      layout_basic, lemuel_coloured_pillars_altar, eino_tiny_chamber,
          grunt_ministairs_5
D:7:      layout_basic, general_overflow_altar, lemuel_old_faithful, uniq_maggie

Skill      XL: |  1  2  3  4  5  6  7  8 |
---------------+-------------------------+-----
Fighting       | 4 5 6 7 8 |  8.9
Long Blades    | 4 |  4.5
Armour         | 3 4 5 6 8 |  8.2
Staves         | 1 2 3 |  3.9
Dodging        | 3 4 5 |  5.3
Slings         | 2 |  2.1
Polearms       | |  0.9

Action                   |  1- 3 |  4- 6 |  7- 9 || total
-------------------------+-------+-------+-------++-------
Melee: Falchion          |    84 |     2 |       ||    86
       Headbutt          |     9 |    15 |    24 ||    48
       Quarterstaff      |       |   113 |   110 ||   223
       Trident           |       |     5 |       ||     5
 Fire: Hunting sling     |       |       |     5 ||     5
Invok: Berserk           |     2 |     3 |     2 ||     7
       Trog's Hand       |       |     1 |     2 ||     3
  Use: Potion            |       |       |     1 ||     1
 Stab: Paralysed         |       |     1 |     1 ||     2
Armor: Animal skin       |     9 |       |       ||     9
       Ring mail         |     2 |       |       ||     2
       Chain mail        |    27 |    68 |    32 ||   127
       Plate armour      |       |       |    24 ||    24
Dodge: Dodged            |    61 |    51 |    51 ||   163
       Rpst.: Falchion   |    16 |       |       ||    16
